 Dungeon Crawl Stone Soup version 0.20-a0-555-gf6ae02d (webtiles) character file.

31901 M4edhros the Nimble (level 13, -6/88 HPs)
             Began as an Octopode Artificer on Feb 6, 2017.
             Was an Initiate of Gozag.
             Mangled by a cyan ugly thing (10 damage)
             ... on level 13 of the Dungeon.
             The game lasted 00:39:32 (17081 turns).

M4edhros the Nimble (Octopode Artificer)           Turns: 17081, Time: 00:39:32

Health: -6/88      AC:  3    Str: 11    XL:     13   Next: 61%
Magic:  0/22       EV: 24    Int: 19    God:    Gozag
Gold:   1132       SH:  0    Dex: 18    Spells: 11/25 levels left

rFire    . . .     SeeInvis .   v - +3 lajatang (speed)
rCold    + + .     Gourm    .   (shield currently unavailable)
rNeg     . . .     Faith    .   y - +2 hat
rPois    .         Spirit   +   G - amulet of guardian spirit
rElec    .         Reflect  .   A - ring of protection from cold
rCorr    .         Harm     .   u - +6 ring of intelligence
MR       .....                  g - +2 ring of evasion
Stlth    ++++++....             N - ring of protection from cold
Regen    0.3/turn               (no ring)
                                (no ring)
                                (no ring)
                                (no ring)

@: gold aura
A: almost no armour, stealthy swim, amphibious, 8 rings, constrict 8, camouflage
1, gelatinous body 1
a: Potion Petition, Call Merchant, Bribe Branch, Renounce Religion


You were on level 13 of the Dungeon.
You worshipped Gozag.
Gozag was most pleased with you.
You were not hungry.

You visited 2 branches of the dungeon, and saw 15 of its levels.
You also visited: Bailey.

You collected 4936 gold pieces.
You spent 623 gold pieces at shops.
You paid 3181 gold pieces to Gozag.

Inventory:

Hand Weapons
 o - a +0 hunting sling
 v - a +3 lajatang of speed (weapon)
Missiles
 h - 42 sling bullets
 p - 364 stones (quivered)
 t - 2 curare-tipped needles
Armour
 y - a +2 hat (worn)
 W - a +2 shield
Jewellery
 g - a +2 ring of evasion (on tentacle)
 u - a +6 ring of intelligence (right tentacle)
 A - a ring of protection from cold (left tentacle)
 G - an amulet of guardian spirit (around mantle)
 N - a ring of protection from cold (on tentacle)
Wands
 b - a wand of confusion (13/48)
 c - a wand of enslavement (0/24)
 d - a wand of paralysis (11/24)
 n - a wand of flame (39/48)
 M - a wand of enslavement (4/24)
 O - a wand of enslavement (9/24)
 P - a wand of acid (10/15)
 Q - a wand of confusion (13/48)
 S - a wand of flame (19/48)
 V - a wand of acid (2/15)
Scrolls
 e - 7 scrolls of teleportation
 l - 4 scrolls of recharging
 x - a scroll of magic mapping
 F - 4 scrolls of fog
 K - 2 scrolls of enchant armour
Potions
 i - a potion of flight
 m - 3 potions of resistance
 s - a potion of magic {unknown}
 z - 7 potions of degeneration
 C - a potion of cancellation
 E - 4 potions of brilliance
 I - a potion of berserk rage
 R - a potion of beneficial mutation {unknown}
 T - a potion of haste
 X - a potion of might
 Y - 2 potions of cure mutation
 Z - a potion of ambrosia {unknown}
Books
 a - a book of the Earth

   Spells                             Type                      Level
   a - Leda's Liquefaction            Hexes/Earth                  4
   b - Bolt of Magma                  Conjuration/Fire/Earth       5
   c - Statue Form                    Transmutation/Earth          6
   d - Iron Shot                      Conjuration/Earth            6
   e - Shatter                        Earth                        9
 B - the Compendium of Too Many Cooks
   (You found it in a bailey)

   Spells                             Type                      Level
   a - Flame Tongue                   Conjuration/Fire             1
   b - Conjure Flame                  Conjuration/Fire             3
   c - Ignite Poison                  Fire/Transmutation/Poison    3
   d - Throw Icicle                   Conjuration/Ice              4
   e - Ice Form                       Ice/Transmutation            4
 D - a book of Cantrips

   Spells                             Type                      Level
   a - Confusing Touch                Hexes                        1
   b - Animate Skeleton               Necromancy                   1
   c - Summon Small Mammal            Summoning                    1
   d - Apportation                    Translocation                1
 H - a book of Minor Magic

   Spells                             Type                      Level
   a - Magic Dart                     Conjuration                  1
   b - Blink                          Translocation                2
   c - Call Imp                       Summoning                    2
   d - Repel Missiles                 Charms/Air                   2
   e - Slow                           Hexes                        2
   f - Conjure Flame                  Conjuration/Fire             3
   g - Mephitic Cloud                 Conjuration/Poison/Air       3
 L - a Necronomicon

   Spells                             Type                      Level
   a - Haunt                          Necromancy/Summoning         7
   b - Borgnjor's Revivification      Necromancy                   8
   c - Death's Door                   Charms/Necromancy            8
   d - Infestation                    Necromancy                   8
   e - Necromutation                  Transmutation/Necromancy     8
Comestibles
 f - a bread ration
 k - 12 fruits
 q - 2 royal jellies
 r - 5 meat rations


   Skills:
 + Level 7.8 Fighting
   Level 1.0 Short Blades
 + Level 7.4 Staves
 - Level 8.0 Slings
 - Level 10.8 Dodging
 - Level 10.0 Stealth
 - Level 3.6 Shields
 + Level 6.5 Spellcasting
 - Level 4.4 Conjurations
 * Level 2.1 Transmutations
 - Level 4.9 Air Magic
 * Level 1.4 Earth Magic
 - Level 6.2 Poison Magic
 - Level 7.7 Evocations


You had 11 spell levels left.
You knew the following spells:

 Your Spells              Type           Power        Failure   Level  Hunger
a - Mephitic Cloud        Conj/Pois/Air  ####....     4%          3    ##.....
b - Repel Missiles        Chrm/Air       ###...       8%          2    None
c - Conjure Flame         Conj/Fire      ##......     14%         3    ##.....
d - Statue Form           Tmut/Erth      ##.......    100%        6    #######


Dungeon Overview and Level Annotations

Branches:
Dungeon (14/15)            Temple (1/1) D:4            Lair (0/6) D:9
    Orc (0/2) D:10
 Vaults: D:13-14

Altars:
Ashenzari
Cheibriados
Dithmenos
Elyvilon
Fedhas
Gozag
Hepliaklqana
Kikubaaqudgha
Makhleb
Nemelex Xobeh
Okawaru
Qazlal
Ru
Sif Muna
Trog
Uskayaw
Vehumet
Xom
Yredelemnul
Zin
The Shining One
Jiyva

Shops:
D:4 (:   D:6 !   D:7 (   D:9 (=   D:10 [   D:12 (?!?


Innate Abilities, Weirdness & Mutations

You cannot wear most types of armour.
You are very stealthy in the water. (Stealth+)
You are amphibious.
You can wear up to eight rings at the same time.
You can use your tentacles to constrict eight enemies at once.
Your skin changes colour to match your surroundings (Stealth+).
Your rubbery body absorbs attacks. (AC +1, EV +1)


Message History

Unknown command.
Evoke which item? (* to show all) (? for menu, Esc to quit)
Aiming: Confuse
Press: ? - help, Shift-Dir - straight line, f - cyan ugly thing
Aim: a cyan ugly thing (moderately wounded, chance to defeat MR: 50%)
The cyan ugly thing resists with significant effort.
This wand has 14 charges left.
The cyan ugly thing gores you!
* * * LOW HITPOINT WARNING * * *
The cyan ugly thing shocks you!
* * * LOW HITPOINT WARNING * * *
Okay, then.
Okay, then.
Evoke which item? (* to show all) (? for menu, Esc to quit)
Aiming: Confuse
Press: ? - help, Shift-Dir - straight line, f/p - cyan ugly thing
Aim: a cyan ugly thing (moderately wounded, chance to defeat MR: 50%)
The cyan ugly thing resists with significant effort.
This wand has 13 charges left.
The cyan ugly thing gores you!
You die...
Your body crumbles into a pile of gold.

#.# ##.## #.. #.#
### ##. #.#
####### #. #.#
#.....# #. #.#
#.....######. #.##
#.........##. #..#
#.....###.##. ##.#
#.....# #.... #@#
####### #.... #u#
##.#####.##.
#.#####.#>.....##.
#........####..##.
########## ##..##.
#...... #.#....
#...### #####


You could see a cyan ugly thing.

Vanquished Creatures
  2 centaur warriors
  2 two-headed ogres
  An unseen horror (D:13)
  A deep elf archer (Bailey)
  10 deep elf magi (Bailey)
  A necromancer (D:9)
  3 ugly things
  A cyclops (D:13)
  Joseph (D:7)
  A centaur zombie (D:11)
  A gargoyle (D:12)
  A freezing wraith (D:9)
  2 kobold demonologists (D:11)
  A komodo dragon (D:12)
  2 tengu conjurers (D:11)
  2 trolls
  2 hornets
  5 slime creatures (D:12)
  7 hippogriffs
  A spriggan (D:7)
  A wyvern (D:11)
  A wraith (D:11)
  A vampire (D:12)
  27 yaks
  2 steam dragons
  4 vampire mosquitoes (D:13)
  2 hungry ghosts
  Menkaure (D:7)
  7 ice beasts
  9 sky beasts
  10 orc warriors
  A black bear (D:9)
  12 ogres
  2 eyes of draining
  17 centaurs
  4 wolves (D:9)
  A crocodile (D:12)
  6 big kobolds
  6 bullfrogs
  5 scorpions
  A wyvern skeleton (D:13)
  A water moccasin skeleton (D:4)
  10 killer bees
  14 wights
  4 howler monkeys
  3 electric eels
  A bullfrog zombie (D:9)
  A quasit (D:9)
  15 crimson imps
  6 jellies
  10 orc priests
  3 gnoll shamans (D:11)
  7 hounds
  20 orc wizards
  3 bullfrog skeletons
  5 centaur skeletons
  6 iguanas
  Terence (D:2)
  12 worker ants
  A hound zombie (D:11)
  A howler monkey zombie (D:6)
  11 adders
  14 gnolls
  2 howler monkey skeletons
  3 shadow imps
  A worker ant simulacrum (D:9)
  2 oozes
  An adder zombie (D:6)
  An adder skeleton (D:5)
  5 worms (D:2)
  4 dart slugs
  6 leopard geckos
  69 orcs
  4 giant cockroaches
  10 goblins
  4 hobgoblins
  8 jackals
  4 quokkas
  A ball python (D:1)
  A ball python skeleton (D:4)
  10 bats
  4 frilled lizards
  17 kobolds
  A leopard gecko skeleton (D:5)
  2 quokka skeletons
  8 rats
  2 fungi (D:11)
486 creatures vanquished.

Vanquished Creatures (collateral kills)
  An orc priest (D:5)
  3 orcs (D:3)
  A hobgoblin (D:2)
  A rat (D:2)
6 creatures vanquished.

Vanquished Creatures (others)
  An efreet (D:12)
  A steam dragon (D:12)
  An eye of draining (D:9)
  A jelly (D:8)
  An orc priest (D:3)
  A hound (D:12)
  An adder (D:5)
  2 orc wizards (D:8)
  A gnoll (D:2)
  2 orcs (D:8)
  A goblin (D:2)
  A kobold (D:3)
  4 fungi (D:11)
  2 plants
20 creatures vanquished.

Grand Total: 512 creatures vanquished

Notes
Turn   | Place    | Note
-------+----------+-------------------------------------------
     0 | D:1      | M4edhros the Octopode Artificer began the quest for the Orb.
     0 | D:1      | Reached XP level 1. HP: 13/13 MP: 3/3
   163 | D:2      | Reached XP level 2. HP: 17/18 MP: 4/4
   235 | D:2      | Noticed Terence
   249 | D:2      | Killed Terence
   249 | D:2      | Reached XP level 3. HP: 13/23 MP: 5/5
   358 | D:2      | Reached skill level 5 in Stealth
   521 | D:2      | Reached XP level 4. HP: 23/28 MP: 6/6
   544 | D:2      | Reached skill level 1 in Slings
  1099 | D:3      | Reached XP level 5. HP: 14/33 MP: 7/7
  1387 | D:4      | Noticed a yak
  1395 | D:4      | Found a staircase to the Ecumenical Temple.
  1568 | Temple   | Entered the Ecumenical Temple
  1663 | Temple   | Became a worshipper of Gozag Ym Sagoz the Greedy
  2087 | D:1      | Reached XP level 6. HP: 34/38 MP: 8/8
  2873 | D:2      | Noticed a moth of wrath
  2876 | D:2      | Found a bloodstained altar of Trog.
  3474 | D:4      | Found Voato's Book Emporium.
  3479 | D:4      | Bought a book of Minor Magic for 240 gold pieces
  3483 | D:4      | Learned a level 3 spell: Mephitic Cloud
  3486 | D:4      | Learned a level 2 spell: Repel Missiles
  3506 | D:4      | Found Wuholl's Antique Weapon Emporium.
  3612 | D:4      | Noticed a yak
  3612 | D:4      | Noticed a yak
  3613 | D:4      | Noticed a yak
  3613 | D:4      | Noticed a yak
  3627 | D:4      | Killed a yak
  3627 | D:4      | Reached skill level 1 in Spellcasting
  3627 | D:4      | Reached skill level 1 in Poison Magic
  3627 | D:4      | Reached XP level 7. HP: 30/43 MP: 4/10
  3638 | D:4      | Killed a yak
  3638 | D:4      | Reached skill level 1 in Air Magic
  3643 | D:4      | Killed a yak
  3648 | D:4      | Killed a yak
  3648 | D:4      | Reached XP level 8. HP: 18/48 MP: 4/11
  3649 | D:4      | Killed a yak
  3649 | D:4      | Reached skill level 5 in Evocations
  4070 | D:5      | Entered Level 5 of the Dungeon
  4086 | D:5      | Reached skill level 5 in Slings
  4788 | D:5      | Found an ancient bone altar of Kikubaaqudgha.
  4795 | D:5      | Found a sparkling altar of Nemelex Xobeh.
  5004 | D:5      | Found a shimmering altar of Xom.
  5006 | D:5      | Found a stormy altar of Qazlal.
  5006 | D:5      | Found a burning altar of Makhleb.
  5008 | D:5      | Found a shimmering altar of Xom.
  5008 | D:5      | Found an iron altar of Okawaru.
  5008 | D:5      | Found a snail-covered altar of Cheibriados.
  5061 | D:5      | Reached XP level 9. HP: 44/53 MP: 12/15
  5310 | D:4      | Bought a warped dagger for 168 gold pieces
  5312 | D:4      | Identified the +4 dagger "Killer Klown's Bane" {vamp, +Rage rF- Str+4} (You bought it in a shop on level 4 of the Dungeon)
  5696 | D:6      | Found Gucaruyg's Distillery.
  5936 | D:6      | Found a snail-covered altar of Cheibriados.
  5942 | D:6      | Found a glowing silver altar of Zin.
  6226 | D:7      | Reached skill level 5 in Spellcasting
  6263 | D:7      | Noticed Menkaure
  6270 | D:7      | Killed Menkaure
  6308 | D:7      | Found a shattered altar of Ashenzari.
  6444 | D:7      | Reached XP level 10. HP: 58/58 MP: 6/18
  6509 | D:7      | Reached skill level 5 in Poison Magic
  6654 | D:7      | Noticed Joseph
  6665 | D:7      | Killed Joseph
  6904 | D:8      | Found a radiant altar of Vehumet.
  7535 | D:8      | Found a viscous altar of Jiyva.
  7980 | D:9      | Found a staircase to the Lair.
  8001 | D:9      | Reached skill level 1 in Shields
  8491 | D:9      | Found a deep blue altar of Sif Muna.
  8491 | D:9      | Found a white marble altar of Elyvilon.
  8496 | D:9      | Reached XP level 11. HP: 64/64 MP: 20/20
  8896 | D:10     | Entered Level 10 of the Dungeon
  8986 | D:10     | Reached skill level 10 in Stealth
  9091 | D:10     | Identified a scroll of acquirement
  9196 | D:10     | Found Iqot's Armour Boutique.
  9209 | D:10     | Reached skill level 1 in Staves
  9964 | D:10     | Found a staircase to the Orcish Mines.
 10212 | D:11     | Found a flagged portal.
 10281 | Bailey   | Entered a bailey
 10287 | Bailey   | Noticed a deep elf mage
 10294 | Bailey   | Killed a deep elf mage
 10302 | Bailey   | Noticed a deep elf mage
 10303 | Bailey   | Noticed a deep elf mage
 10303 | Bailey   | Noticed a deep elf mage
 10304 | Bailey   | Noticed a deep elf mage
 10304 | Bailey   | Noticed a deep elf mage
 10309 | Bailey   | Killed a deep elf mage
 10313 | Bailey   | Killed a deep elf mage
 10313 | Bailey   | Reached skill level 5 in Dodging
 10316 | Bailey   | Killed a deep elf mage
 10318 | Bailey   | Killed a deep elf mage
 10323 | Bailey   | Noticed a deep elf mage
 10326 | Bailey   | Killed a deep elf mage
 10329 | Bailey   | Killed a deep elf mage
 10344 | Bailey   | Noticed a deep elf mage
 10344 | Bailey   | Noticed a deep elf mage
 10344 | Bailey   | Noticed a deep elf mage
 10347 | Bailey   | Killed a deep elf mage
 10352 | Bailey   | Killed a deep elf mage
 10352 | Bailey   | Reached skill level 5 in Fighting
 10356 | Bailey   | Killed a deep elf mage
 10356 | Bailey   | Reached XP level 12. HP: 37/77 MP: 10/21
 10661 | Bailey   | Identified the Compendium of Too Many Cooks
 10721 | Bailey   | Learned a level 3 spell: Conjure Flame
 11214 | D:9      | Reached skill level 1 in Conjurations
 12215 | D:11     | Noticed a two-headed ogre
 12232 | D:11     | Killed a two-headed ogre
 12242 | D:11     | Reached skill level 5 in Staves
 12306 | D:11     | Found a basalt altar of Yredelemnul.
 12364 | D:11     | Found a blossoming altar of Fedhas.
 14185 | D:12     | Noticed a centaur warrior
 14212 | D:12     | Killed a centaur warrior
 14224 | D:12     | Found Evu Notu's Magic Scroll Emporium.
 14281 | D:12     | Bought a scroll of enchant weapon for 135 gold pieces
 14356 | D:12     | Reached XP level 13. HP: 51/85 MP: 19/22
 14747 | D:12     | Found Rubysecy's Magic Scroll Shop.
 14809 | D:12     | Reached skill level 10 in Dodging
 14855 | D:12     | Found Zujiptile's Distillery.
 14858 | D:12     | Bought a potion of heal wounds for 80 gold pieces
 15094 | D:12     | Found a stormy altar of Qazlal.
 16516 | D:13     | Learned a level 6 spell: Statue Form
 16569 | D:13     | Reached skill level 1 in Transmutations
 16841 | D:13     | Reached skill level 1 in Earth Magic
 17080 | D:13     | HP: 3/88 [cyan ugly thing (9)]
 17081 | D:13     | Mangled by a cyan ugly thing

Vault maps used:
D:1:      dpeg_arrival_radiant, minmay_misc_feat_alley
D:2:      minmay_misc_feat_cross, tgw_trog, uniq_terence
D:3:      first_bread
D:4:      temple_hall, serial_shops, shop, shop
D:5:      doesnt_xom_only_xom, minitemple
D:6:      amethyst_overflow_temple_binary, serial_shops,
          nicolae_shop_temple_entry_statues_fountains, kennysheep_small_square
D:7:      nicolae_ashenzari_panopticon, the_bakery, uniq_menkaure, uniq_joseph
D:8:      basic_altar, minmay_statues_item, jiyva_altar_1
D:9:      minmay_klotski, grunt_temple_overflow_open, erik_lair_island
D:10:     orc_0_dummy, serial_bayou, serial_bayou_lagoon_a, serial_bayou_ford_a,
          serial_bayou_crossing, serial_bayou_pond_d, serial_shops, shop
D:11:     kennysheep_seaside_town, enter_bailey_7, basic_altar, fedhas_altar_3
D:12:     serial_shops, shop, nicolae_shop_stone, kennysheep_mini_moat,
          nicolae_qazlal_eye_of_the_storm
D:14:     david_vaults_1, nicolae_gozag_cash_rules_everything_around_me,
          nicolae_alphabet_shops, amethyst_killhole
Temple:   nicolae_temple_hex_pool
Bailey:   bailey_polearm_3, bailey

Skill      XL: |  1  2  3  4  5  6  7  8  9 10 11 12 13 |
---------------+----------------------------------------+-----
Stealth        | 3 4 5 6 7 8 9 10 | 10.0
Slings         | 2 3 4 5 7 8 |  8.0
Evocations     | 4 5 6 7 |  7.7
Spellcasting   | 1 2 4 5 6 |  6.5
Poison Magic   | 1 2 3 4 6 |  6.2
Air Magic      | 1 2 3 4 |  4.9
Shields        | 2 3 |  3.6
Fighting       | 2 5 6 7 |  7.8
Staves         | 4 6 7 |  7.4
Dodging        | 6 9 10 | 10.8
Conjurations   | 3 4 |  4.4
Transmutations | 2 |  2.1
Earth Magic    | 1 |  1.4
Short Blades   | |  1.0

Action                   |  1- 3 |  4- 6 |  7- 9 | 10-12 | 13-15 || total
-------------------------+-------+-------+-------+-------+-------++-------
Melee: Short sword       |    11 |       |       |       |       ||    11
       Constrict         |    12 |    25 |    54 |   117 |    24 ||   232
       Tentacles         |     4 |    20 |    68 |   199 |    76 ||   367
       Dagger            |    31 |   112 |   275 |   239 |       ||   657
       Lajatang          |       |       |       |   523 |   337 ||   860
 Fire: Hunting sling     |       |       |       |     1 |       ||     1
 Cast: Mephitic Cloud    |       |       |       |     4 |     4 ||     8
       Conjure Flame     |       |       |       |     6 |     2 ||     8
Invok: Call Merchant     |       |       |     1 |     3 |       ||     4
 Abil: Evoke Berserk Rag |       |       |     1 |       |       ||     1
Evoke: Wand              |     1 |    21 |    25 |    46 |    12 ||   105
  Use: Scroll            |       |     7 |     2 |    17 |     3 ||    29
       Potion            |       |     3 |     1 |     8 |     2 ||    14
 Stab: Sleeping          |     4 |    21 |    17 |    39 |     6 ||    87
       Distracted        |       |     1 |     1 |    11 |     3 ||    16
       Confused          |       |     2 |     7 |    12 |     6 ||    27
  Eat: Royal jelly       |       |     1 |     2 |       |       ||     3
       Chunk             |       |     1 |       |       |       ||     1
       Meat ration       |       |     1 |       |       |       ||     1
       Bread ration      |       |       |     3 |     6 |     2 ||    11
Armor: Skin              |     4 |    17 |    21 |    74 |    48 ||   164
Dodge: Dodged            |    21 |    83 |   136 |   518 |   201 ||   959
Block: Shield            |       |       |       |    35 |       ||    35
